 Dungeon Crawl Stone Soup version 0.30.0-5-g1a98f26d00 (webtiles) character file.

Game seed: 8000051460694160314

262 javelincjr the Firebug (level 5, -6/38 HPs)
             Began as a Demonspawn Fire Elementalist on May 12, 2023.
             Killed by nerve-wracking pain
             ... invoked by an orc priest
              (7 damage)
             ... on level 4 of the Dungeon.
             The game lasted 00:21:49 (3062 turns).

javelincjr the Firebug (DsFE)                       Turns: 3062, Time: 00:21:49

Health: -6/38      AC:  4    Str: 10    XL:     5   Next: 97%
Magic:  1/9        EV: 12    Int: 16    God:
Gold:   84         SH:  0    Dex: 14    Spells: 7/10 levels left

rFire   . . .        i - +3 dagger (freeze)
rCold   . . .        (no shield)
rNeg    + . .        a - +0 robe
rPois   .            (no helmet)
rElec   .            (no cloak)
rCorr   .            (no gloves)
SInv    .            (no boots)
Will    .....        (no amulet)
Stlth   ++           c - ring of positive energy
HPRegen 0.26/turn    (no ring)
MPRegen 0.11/turn

%: no passive effects
@: hasted, very quick
A: slimy green scales 1, demonic magic 1
a: no special abilities


You were on level 4 of the Dungeon.
You visited 1 branch of the dungeon, and saw 4 of its levels.

You collected 84 gold pieces.

Inventory:

Hand Weapons
 h - a +0 hand axe
 i - a +3 dagger of freezing (weapon)
 n - a +1 halberd of venom
Armour
 a - a +0 robe (worn)
 f - a +4 chain mail
Magical Staves
 m - a staff of air
 t - a staff of fire
Jewellery
 c - a ring of positive energy (left hand)
Scrolls
 d - a scroll of poison {unknown}
 j - 2 scrolls of blinking {unknown}
 k - a scroll of magic mapping
 o - 2 scrolls of vulnerability {unknown}
 r - a scroll of enchant armour {unknown}
 s - a scroll of amnesia
Potions
 b - a potion of magic
 g - 2 potions of might
 l - 3 potions of heal wounds {unknown}
 p - a potion of brilliance {unknown}
 q - a potion of resistance {unknown}


   Skills:
 + Level 2.0 Fighting
 + Level 2.6 Dodging
 + Level 2.9 Stealth
 + Level 3.0 Spellcasting
 + Level 2.5 Conjurations
 + Level 3.5 Fire Magic


You had 7 spell levels left.
You knew the following spells:

 Your Spells              Type           Power      Damage    Failure   Level
a - Foxfire               Conj/Fire      48%        2x1d6     5%          1
b - Scorch                Fire           26%        2d6       7%          2

Your spell library contained the following spells:

 Spells                   Type           Power      Damage    Failure   Level
 Inner Flame              Hex/Fire       8%         N/A       26%         3
 Volatile Blastmotes      Fire/Tloc      16%        2d11      26%         3
 Flame Wave               Conj/Fire      12%        2d6       47%         4


Dungeon Overview and Level Annotations

Branches:
Dungeon (4/15)
 Temple: D:4-7

Altars:
Qazlal


Innate Abilities, Weirdness & Mutations

You are partially covered in slimy green scales. (AC +2)
Spells you cast may paralyse adjacent enemies.


Message History

Pain shoots through your body!
You barely miss the orc priest.
The orc priest is heavily wounded.
The orc priest hits you with a +4 whip.
An orc comes into view. It is wielding a +0 whip.
The orc shouts!
You hit the orc priest. You freeze the orc priest.
The orc priest is almost dead.
The orc priest calls down the wrath of Beogh upon you.
Pain shoots through your body!
You barely miss the orc priest.
The orc priest is almost dead.
The orc priest completely misses you.
You barely miss the orc priest.
The orc priest is almost dead.
The orc priest barely misses you.
You hit the orc priest but do no damage.
The orc priest is almost dead.
The orc priest hits you with a +4 whip.
* * * LOW HITPOINT WARNING * * *
You barely miss the orc priest.
The orc priest is almost dead.
The orc priest hits you with a +4 whip.
* * * LOW HITPOINT WARNING * * *
You feel yourself speed up. The orc priest hits you with a +4 whip.
* * * LOW HITPOINT WARNING * * *
The orc priest mumbles some strange prayers to Beogh against you.
Pain shoots through your body!
* * * LOW HITPOINT WARNING * * *
Things that are here:
a +0 war axe; a +0 leather armour
Casting: Scorch (safe; 7% risk of failure)
Confirm with . or Enter, or press ? or * to list all spells.
You conjure some foxfire!
Malevolent energies surge around you.
Your foxfire dissipates!
The foxfire hits the orc priest but does no damage.
The orc priest is almost dead.
The orc priest calls down the wrath of Beogh upon you.
Pain shoots through your body!
You die...

.#.#.# ..#.###
###########.....#
#.............#
#.#########.###
#.# #.# ####.#
#.### .....#
#...# ######
###@# #.# #)# #.#
#o# #o# .o# ####


You could see an orc priest and 2 orcs.

Vanquished Creatures
  A scorpion (D:3)
  An orc priest (D:4)
  2 orc wizards
  3 gnolls (D:2)
  3 adders
  2 dart slugs
  6 orcs
  4 endoplasms
  6 giant cockroaches
  5 goblins
  5 hobgoblins
  6 kobolds
  A quokka (D:1)
  5 ball pythons
  4 bats
  5 frilled lizards
  3 rats
62 creatures vanquished.

Vanquished Creatures (others)
  A ghoul (D:1)
  A minotaur (D:1)
  A demonspawn (D:1)
  A draconian (D:1)
  An elf (D:1)
  A spriggan (D:1)
  A human (D:1)
  A naga (D:1)
  A demigod (D:1)
  3 dwarves (D:1)
  2 mummies (D:1)
  An orc (D:1)
  156 foxfires
  7 tentacles (D:1)
178 creatures vanquished.

Grand Total: 240 creatures vanquished

Notes
Turn   | Place    | Note
-------+----------+-------------------------------------------
     0 | D:1      | javelincjr the Demonspawn Fire Elementalist began the quest
                  | for the Orb.
     0 | D:1      | Reached XP level 1. HP: 13/13 MP: 3/3
     2 | D:1      | Noticed a demigod
     2 | D:1      | Noticed a minotaur
     2 | D:1      | Noticed a spriggan
     2 | D:1      | Noticed a dwarf
     2 | D:1      | Noticed an elf
     2 | D:1      | Noticed a demonspawn
     2 | D:1      | Noticed a dwarf
     2 | D:1      | Noticed a kraken
     2 | D:1      | Noticed a draconian
     2 | D:1      | Noticed a ghoul
     2 | D:1      | Noticed a human
     2 | D:1      | Noticed a naga
     2 | D:1      | Noticed a dwarf
     5 | D:1      | Killed a dwarf
     5 | D:1      | Killed a dwarf
     5 | D:1      | Killed a demonspawn
     6 | D:1      | Killed a ghoul
     8 | D:1      | Killed a naga
     8 | D:1      | Killed a demigod
     9 | D:1      | Killed an elf
    11 | D:1      | Killed a spriggan
    12 | D:1      | Killed a draconian
    15 | D:1      | Killed a minotaur
    18 | D:1      | Killed a dwarf
    18 | D:1      | Killed a human
   331 | D:1      | Gained mutation: Spells you cast may paralyse adjacent
                  | enemies. [demonic ancestry]
   331 | D:1      | Reached XP level 2. HP: 19/19 MP: 1/5
   629 | D:1      | Learned a level 2 spell: Scorch
  1040 | D:2      | Reached XP level 3. HP: 25/25 MP: 4/6
  1230 | D:2      | Reached skill level 1 in Fighting
  1245 | D:2      | Reached XP level 4. HP: 32/32 MP: 1/7
  2242 | D:3      | Found a faded altar of an unknown god.
  2259 | D:3      | Found a faded altar of an unknown god.
  2387 | D:3      | Found a stormy altar of Qazlal.
  2720 | D:3      | Noticed a scorpion
  2728 | D:3      | Killed a scorpion
  2729 | D:3      | Gained mutation: You are partially covered in slimy green
                  | scales. (AC +2) [demonic ancestry]
  2729 | D:3      | Reached XP level 5. HP: 26/38 MP: 3/9
  3057 | D:4      | HP: 1/38 [orc priest/+4 whip (1)]
  3062 | D:4      | Killed from afar by an orc priest

Illustrated notes

Levels and vault maps discovered:
D:1:      nicolae_arrival_kraken_aquarium_b, layout_rooms
D:2:      layout_loops_ring, reono_crystal_passage
D:3:      minmay_angry_zag, layout_basic, mainiacjoe_overflow_tiny_flanked,
          hellmonk_ecumenical_altar_the_god_not_taken
D:4:      layout_basic, tso_metal_star, enter_ossuary_3,
          eino_small_chamber_without_monster

Skill      XL: |  1  2  3  4  5 |
---------------+----------------+-----
Stealth        | 2 |  2.9
Dodging        | 2 |  2.6
Fighting       | 1 2 |  2.0
Fire Magic     | 3 |  3.5
Conjurations   | 2 |  2.5
Spellcasting   | 3 |  3.0

Action                     |  1- 3 |  4- 6 || total
---------------------------+-------+-------++-------
  Melee: Unarmed           |     6 |       ||     6
         Dagger            |    19 |    43 ||    62
         Punch             |     1 |       ||     1
   Cast: Foxfire           |    58 |    36 ||    94
         Scorch            |     3 |    12 ||    15
    Use: Scroll            |       |     7 ||     7
         Potion            |       |     1 ||     1
   Stab: Paralysed         |     2 |     1 ||     3
         Sleeping          |     1 |     1 ||     2
 Armour: Robe              |     6 |     3 ||     9
  Dodge: Dodged            |    24 |    20 ||    44
